 Dungeon Crawl Stone Soup version 0.26-a0-1060-g086102a3f0 (webtiles) character file.

Game seed: 6511020289009030670

87 qory the Stinger (level 4, -4/24 HPs)
             Began as a Gargoyle Venom Mage on Dec 13, 2020.
             Splashed by a jelly's acid (9 damage)
             ... on level 3 of the Dungeon.
             The game lasted 00:09:59 (2011 turns).

qory the Stinger (Gargoyle Venom Mage)              Turns: 2011, Time: 00:10:01

Health: -4/24      AC:  8    Str: 12    XL:     4   Next: 51%
Magic:  8/8        EV: 11    Int: 16    God:
Gold:   121        SH:  0    Dex: 13    Spells: 7/8 levels left

rFire    . . .     SeeInvis .   e - +0 short sword
rCold    . . .     Faith    .   (no shield)
rNeg     + . .     Spirit   .   j - +0 ring mail
rPois    ∞         Reflect  .   d - +0 helmet
rElec    +         Harm     .   (no cloak)
rCorr    .         Rampage  .   c - +2 pair of gloves {Dex+3}
Will     .....                  (no boots)
Stlth    +.........             (no amulet)
HPRegen  0.08/turn              i - ring of flight
MPRegen  0.11/turn              (no ring)

@: corroded
A: negative energy resistance 1, electricity resistance, unbreathing,
petrification resistance, rot immunity, AC +3
a: Evoke Flight


You were on level 3 of the Dungeon.
You visited 1 branch of the dungeon, and saw 3 of its levels.

You collected 121 gold pieces.

Inventory:

Hand Weapons
 e - a +0 short sword (weapon)
 f - a +0 short sword
Armour
 c - a +2 pair of gloves of dexterity (worn)
 d - a +0 helmet (worn)
 j - a +0 ring mail (worn)
Jewellery
 i - a ring of flight (left hand)
Scrolls
 a - 2 scrolls of teleportation
 b - a scroll of fear {unknown}
 g - 2 scrolls of remove curse
 h - a scroll of identify
 m - a scroll of random uselessness {unknown}
Potions
 k - a potion of mutation {unknown}
 l - a potion of heal wounds {unknown}


   Skills:
 + Level 0.8 Armour
 + Level 2.0 Dodging
 + Level 2.3 Stealth
 + Level 0.9 Unarmed Combat
 + Level 2.7 Spellcasting
 + Level 0.8 Transmutations
 + Level 3.9 Poison Magic


You had 7 spell levels left.
You knew the following spells:

 Your Spells              Type           Power        Failure   Level
a - Sting                 Tmut/Pois      #...         16%         1

Your spell library contained the following spells:

 Spells                   Type           Power        Failure   Level
 Poisonous Vapours        Pois/Air       #.....       30%         2
 Ignite Poison            Fire/Tmut/Pois #.......     56%         3
 Mephitic Cloud           Conj/Pois/Air  #.......     61%         3
 Olgreb's Toxic Radiance  Pois           ##......     65%         4


Dungeon Overview and Level Annotations

Branches:
Dungeon (3/15)

Altars:
Qazlal


Innate Abilities, Weirdness & Mutations

You are resistant to torment.
Your stone body is resilient. (AC +3)
You are immune to poison.
You resist negative energy. (rN+)
You are resistant to electric shocks. (rElec)
You can survive without breathing.
You are immune to petrification.
You are immune to rotting.


Message History

The jelly hits you but does no damage.
You hit the jelly.
Your hands burn!
The jelly is moderately wounded.
The jelly hits you but does no damage.
You hit the jelly.
Your hands burn!
The jelly is heavily wounded.
The jelly barely misses you.
You hit the jelly.
Your hands burn!
The jelly is severely wounded.
The jelly hits you but does no damage.
You hit the jelly. The acid corrodes you!
Your hands burn!
The jelly is severely wounded.
The jelly closely misses you.
You hit the jelly.
Your hands burn!
* * * LOW HITPOINT WARNING * * *
The jelly is almost dead.
The jelly hits you but does no damage. The jelly hits you.
* * * LOW HITPOINT WARNING * * *
You are splashed with acid!
You die...

..... #.# .#### #.#
.. ... .. #.# ##.
#.##.. ##.##.#
+.J##.# #.@...#
#$....# #.....#
#.....# #..>..#
##### #.....# #....
#.....#########....
#............##....
####.........##....


You could see a jelly.

Vanquished Creatures
  2 adders (D:2)
  3 worms (D:2)
  4 dart slugs
  3 leopard geckos (D:1)
  5 bats
  5 giant cockroaches
  7 hobgoblins
  2 jackals (D:1)
  6 kobolds (D:2)
  A quokka (D:2)
  2 frilled lizards (D:1)
  4 goblins (D:2)
  5 rats
49 creatures vanquished.

Notes
Turn   | Place    | Note
-------+----------+-------------------------------------------
     0 | D:1      | qory the Gargoyle Venom Mage began the quest for the Orb.
     0 | D:1      | Reached XP level 1. HP: 10/10 MP: 3/3
    89 | D:1      | Reached XP level 2. HP: 10/15 MP: 3/5
   546 | D:1      | Reached XP level 3. HP: 19/19 MP: 3/6
  1132 | D:2      | Reached XP level 4. HP: 12/24 MP: 1/8
  1329 | D:2      | Found a stormy altar of Qazlal.
  2011 | D:3      | Splashed by a jelly's acid

Illustrated notes

Levels and vault maps discovered:
D:1:      minmay_arrival_solitary_statue, layout_loops_cross
D:2:      layout_basic, nicolae_qazlal_general_emergency
D:3:      layout_basic, minmay_statues_item

Skill      XL: |  1  2  3 |
---------------+----------+-----
Dodging        | 2 |  2.0
Armour         | |  0.8
Stealth        | |  2.3
Unarmed Combat | |  0.9
Spellcasting   | |  2.7
Transmutations | |  0.8
Poison Magic   | |  3.9

Action                   |  1- 3 |  4- 6 || total
-------------------------+-------+-------++-------
Melee: Unarmed           |    96 |       ||    96
       Short sword       |       |    62 ||    62
 Cast: Sting             |    44 |    13 ||    57
  Use: Potion            |     4 |     1 ||     5
       Scroll            |     2 |     4 ||     6
 Stab: Distracted        |       |     1 ||     1
Armor: Leather armour    |    57 |    16 ||    73
       Ring mail         |       |    19 ||    19
Dodge: Dodged            |    77 |    43 ||   120

Table legend: (Time is in decaauts)
 A = Elapsed time spent in this place.
 B = Non-inter-level travel time spent in this place.
 C = Inter-level travel time spent in this place.
 D = Time resting spent in this place.
 E = Time spent auto-exploring this place.
 F = Levels seen in this place.
 G = Mean time per level.
                   A        B        C        D        E       F      G
               +--------+--------+--------+--------+--------+-----+--------+
         Total |   2014 |   1967 |     47 |      0 |    841 |   3 |  671.3 |
       Dungeon |   2014 |   1967 |     47 |      0 |    841 |   3 |  671.3 |
               +--------+--------+--------+--------+--------+-----+--------+

Top non-repeatable levels by time:
     D:2: 862 daAuts
     D:1: 861 daAuts
     D:3: 290 daAuts
